 Dungeon Crawl Stone Soup version 0.31-a0-631-g285b096dc4 (webtiles) character file.

Game seed: 1214911395598293708

695 Newt the Trooper (level 7, -1/48 HPs)
             Began as a Gargoyle Fighter on Aug 25, 2023.
             Was an Initiate of Gozag.
             Slain by an ufetubus (4 damage)
             ... on level 5 of the Dungeon.
             The game lasted 00:03:51 (3676 turns).

Newt the Trooper (Gargoyle Fighter)                 Turns: 3676, Time: 00:03:52

Health: -1/48      AC: 12    Str: 22    XL:     7   Next: 64%
Magic:  7/7        EV:  9    Int:  8    God:    Gozag
Gold:   184        SH:  4    Dex:  9    Spells: 6/6 levels left

rFire   . . .        a - +0 flail
rCold   . . .        c - +0 buckler
rNeg    + . .        b - +0 scale mail
rPois   ∞            (no helmet)
rElec   +            (no cloak)
rCorr   .            (no gloves)
SInv    .            (no boots)
Will    .....        (no amulet) Stlth
                     (no ring)
HPRegen 0.28/turn    (no ring)
MPRegen 0.10/turn

%: no passive effects
@: about to teleport
A: sickness immunity, AC +4, negative energy resistance 1, electricity
resistance, torment resistance 1, petrification resistance
a: Renounce Religion, Potion Petition, Call Merchant, Bribe Branch


You were on level 5 of the Dungeon.
You worshipped Gozag.
Gozag was aware of your devotion.
You visited 1 branch of the dungeon, and saw 5 of its levels.

You collected 240 gold pieces.
You paid 56 gold pieces to Gozag.

Inventory:

Hand Weapons
 a - a +0 flail (weapon)
Missiles
 f - 2 throwing nets
 t - 6 silver javelins
Armour
 b - a +0 scale mail (worn)
 c - a +0 buckler (worn)
Wands
 g - a wand of paralysis (13)
 l - a wand of flame (26)
Scrolls
 e - a scroll of immolation
 h - a scroll of noise
 j - 3 scrolls of teleportation
 m - a scroll of enchant armour
 s - 2 scrolls of fog
Potions
 d - a potion of might
 i - 2 potions of resistance
 k - a potion of haste
 n - a potion of lignification
 p - a potion of berserk rage


   Skills:
 + Level 7.1 Fighting
 - Level 4.0 Maces & Flails
 - Level 6.0 Armour
 - Level 3.2 Shields


You had 6 spell levels left.
You didn't know any spells.
Your spell library contained the following spells:

 Spells                   Type           Power      Damage    Failure   Level
 Summon Small Mammal      Summ           0%         N/A       78%         1
 Call Canine Familiar     Summ           0%         N/A       98%         3
 Summon Guardian Golem    Hex/Summ       0%         N/A       98%         3


Dungeon Overview and Level Annotations

Branches:
Dungeon (5/15)
 Temple: D:4-7

Altars:
Gozag
Hepliaklqana
Makhleb
Nemelex Xobeh
Trog

Shops:
D:5 [

Annotations:
D:4 2 transporters, RepHenryClay's ghost, weakling HODe


Innate Abilities, Weirdness & Mutations

You are immune to sickness and miasma.
Your stone body is resilient. (AC +4)
You are immune to poison.
You resist negative energy. (rN+)
You are resistant to electric shocks. (rElec)
You are resistant to unholy torment.
You are immune to petrification.


Message History

The gnoll hits you from afar with a +0 halberd.
* * * LOW HITPOINT WARNING * * *
Unknown command.
The gnoll attacks as it pursues you! The gnoll hits you but does no damage.
The gnoll attacks as it pursues you! The gnoll hits you but does no damage.
You sock the gnoll!
The gnoll is severely wounded.
The gnoll attacks as it pursues you! The gnoll hits you but does no damage.
You closely miss the gnoll.
The gnoll is severely wounded.
The gnoll barely misses you. The gnoll hits you but does no damage.
The gnoll completely misses you. The gnoll attacks as it pursues you!
The gnoll closely misses you.
You closely miss the gnoll.
The gnoll is severely wounded.
An ufetubus comes into view.
The gnoll closely misses you. The gnoll hits you with a +0 whip.
* * * LOW HITPOINT WARNING * * *
The gnoll hits you from afar with a +0 halberd.
* * * LOW HITPOINT WARNING * * *
You hit the ufetubus.
The ufetubus is heavily wounded.
The ufetubus hits you but does no damage.
The ufetubus barely misses you. The gnoll hits you with a +0 whip.
* * * LOW HITPOINT WARNING * * *
The ufetubus hits you.
* * * LOW HITPOINT WARNING * * *
The ufetubus hits you but does no damage.
The gnoll hits you with a +0 club.
* * * LOW HITPOINT WARNING * * *
Okay, then.
Okay, then.
As you read the scroll of teleportation, it crumbles to dust.
You feel strangely unstable.
The ufetubus hits you but does no damage.
You block the ufetubus's attack. The gnoll hits you but does no damage.
The gnoll closely misses you. The ufetubus barely misses you.
The ufetubus hits you.
You die...
Your body crumbles into a pile of gold.

#..§§§.§.....
#.....§.... ##
#.<.......
###..§....§§...
#...§.♣...§♣♣♣♣
....#♣....♣♣♣ ..
... ♣♣♣..♣.♣ .♣ ..
♣♣5P.♣ ♣♣.♣♣♣. .
♣.@g♣♣PP..♣. .♣
♣.g.♣.♣..P. ♣♣P.
♣♣gs♣♣P.♣.♣...8P
♣...♣.g♣..♣P..!...
......♣......♣♣.8.⌠
#.♣..P.♣.♣..P.PP...
. ♣♣♣..♣.♣....♣.♣P
♣..P...♣.♣♣♣.♣♣P♣
♣.P.♣♣P.$.P.s..♣


You could see a scorpion, 4 gnolls and an ufetubus.

Vanquished Creatures
  Grinder (D:4)
  2 phantoms (D:4)
  A scorpion (D:5)
  A howler monkey (D:4)
  3 iron imps (D:3)
  Ijyb (D:3)
  6 adders
  A river rat (D:5)
  A worm (D:3)
  4 dart slugs
  6 bats
  5 endoplasms
  2 giant cockroaches
  8 goblins
  9 hobgoblins
  10 jackals
  A quokka (D:2)
  7 ball pythons
  A frilled lizard (D:3)
  4 kobolds
  6 rats
80 creatures vanquished.

Notes
Turn   | Place    | Note
-------+----------+-------------------------------------------
     0 | D:1      | Newt the Gargoyle Fighter began the quest for the Orb.
     0 | D:1      | Reached XP level 1. HP: 14/14 MP: 1/1
   236 | D:1      | Reached XP level 2. HP: 20/20 MP: 2/2
   273 | D:1      | Reached skill level 4 in Fighting
   724 | D:1      | Reached XP level 3. HP: 23/24 MP: 3/3
  1172 | D:2      | Reached skill level 5 in Fighting
  1419 | D:2      | Reached XP level 4. HP: 26/31 MP: 4/4
  1975 | D:3      | Noticed Ijyb
  1978 | D:3      | Paralysed by Ijyb for 3 turns
  1991 | D:3      | Paralysed by Ijyb for 2 turns
  1995 | D:3      | Killed Ijyb
  2163 | D:3      | Found a burning altar of Makhleb.
  2180 | D:3      | Reached XP level 5. HP: 35/35 MP: 5/5
  2380 | D:4      | Noticed RepHenryClay's ghost (weakling HODe)
  2380 | D:4      | Found a transporter.
  2381 | D:4      | Found a transporter.
  2385 | D:4      | Noticed a steam dragon
  2404 | D:4      | Noticed Grinder
  2410 | D:4      | Paralysed by Grinder for 3 turns
  2434 | D:4      | Killed Grinder
  2435 | D:4      | Reached XP level 6. HP: 11/40 MP: 6/6
  2653 | D:4      | Found a bloodstained altar of Trog.
  2683 | D:4      | Reached XP level 7. HP: 38/44 MP: 7/7
  2830 | D:4      | Reached skill level 6 in Fighting
  2870 | D:4      | Found a sparkling altar of Nemelex Xobeh.
  2871 | D:4      | Found an opulent altar of Gozag.
  2877 | D:4      | Became a worshipper of Gozag Ym Sagoz the Greedy
  2984 | D:4      | Found a hazy altar of Hepliaklqana.
  3612 | D:5      | Entered Level 5 of the Dungeon
  3659 | D:5      | Reached skill level 7 in Fighting
  3659 | D:5      | Found Cunyufy's Antique Armour Shop.
  3676 | D:5      | Slain by an ufetubus

Illustrated notes

Levels and vault maps discovered:
D:1:      matt_arrival_refuge, layout_loops_corners
D:2:      layout_basic
D:3:      layout_basic, demons_altar, uniq_ijyb
D:4:      layout_basic, grunt_temple_overflow_opulence,
          mainiacjoe_overflow_alcove_4, nicolae_overflow_crystal_walls,
          gammafunk_ghost_arena, uniq_grinder
D:5:      wad_woods_tower, layout_cave_pools,
          minmay_temple_entry_gardened_gates, serial_shops,
          nicolae_shop_gibbet_a_chance, shop, shop, shop

Skill      XL: |  1  2  3  4  5  6  7 |
---------------+----------------------+-----
Fighting       | 4 5 7 |  7.1
Maces & Flails | 4 |  4.0
Armour         | 6 |  6.0
Shields        | |  3.2

Action                     |  1- 3 |  4- 6 |  7- 9 || total
---------------------------+-------+-------+-------++-------
  Melee: Flail             |   186 |   109 |    95 ||   390
    Use: Scroll            |     2 |     4 |     7 ||    13
         Potion            |       |     1 |       ||     1
 Armour: Scale mail        |   115 |    47 |    85 ||   247
  Dodge: Dodged            |   119 |    36 |    45 ||   200
  Block: Buckler           |    49 |    17 |    24 ||    90

Table legend: (Time is in decaauts)
 A = Elapsed time spent in this place.
 B = Non-inter-level travel time spent in this place.
 C = Inter-level travel time spent in this place.
 D = Time resting spent in this place.
 E = Time spent auto-exploring this place.
 F = Levels seen in this place.
 G = Mean time per level.
                   A        B        C        D        E       F      G
               +--------+--------+--------+--------+--------+-----+--------+
         Total |   3787 |   3606 |    181 |    211 |   2604 |   5 |  757.4 |
       Dungeon |   3787 |   3606 |    181 |    211 |   2604 |   5 |  757.4 |
               +--------+--------+--------+--------+--------+-----+--------+

Top non-repeatable levels by time:
     D:4: 1254 daAuts
     D:1: 1059 daAuts
     D:2: 727 daAuts
     D:3: 674 daAuts
     D:5: 70 daAuts
